 Dungeon Crawl Stone Soup version 0.31-a0-1237-gabc64e778c (webtiles) character file.

Game seed: 15174778789339921359

184 Daunt the Trooper (level 5, -1/44 HPs)
             Began as a Formicid Earth Elementalist on Dec 15, 2023.
             Was a Follower of Okawaru.
             Killed by divine providence
             ... invoked by an orc priest
              (12 damage)
             ... on level 3 of the Dungeon.
             The game lasted 00:15:30 (2356 turns).

Daunt the Trooper (Formicid Earth Elementalist)     Turns: 2356, Time: 00:15:32

Health: -1/44      AC:  8    Str: 15    XL:     5   Next: 96%
Magic:  5/8        EV: 12    Int: 14    God:    Okawaru [*.....]
Gold:   115        SH:  0    Dex: 14    Spells: 7/8 levels left

rFire   + . .        n - +0 dagger (venom)
rCold   . . .        (no shield)
rNeg    . . .        a - +0 robe
rPois   .            (helmet unavailable)
rElec   .            p - +0 cloak
rCorr   .            (no gloves)
SInv    +            o - +0 pair of boots
Will    .....        (no amulet)
Stlth   ++           i - +4 ring of protection
HPRegen 0.27/turn    x - ring of protection from fire
MPRegen 0.11/turn

%: no passive effects
@: no status effects
A: permanent stasis, dig shafts and tunnels, antennae 3, four strong arms
a: Dig, Shaft Self, Renounce Religion, Heroism


You were on level 3 of the Dungeon.
You worshipped Okawaru.
Okawaru was aware of your devotion.
You visited 1 branch of the dungeon, and saw 3 of its levels.

You collected 115 gold pieces.

Inventory:

Hand Weapons
 e - a +0 sling
 l - a +0 club
 n - a +0 dagger of venom (weapon)
Missiles
 f - 42 stones
 h - 3 poisoned darts
Armour
 a - a +0 robe (worn)
 j - a +0 scale mail
 o - a +0 pair of boots (worn)
 p - a +0 cloak (worn)
 v - a +0 leather armour
 w - a +0 chain mail
Jewellery
 i - a +4 ring of protection (left hand)
 x - a ring of protection from fire (right hand)
Scrolls
 k - a scroll of immolation {unknown}
 m - a scroll of fear {unknown}
 r - a scroll of amnesia {unknown}
Potions
 b - a potion of magic
 c - a potion of berserk rage {unknown}
 d - 3 potions of degeneration {unknown}
 g - a potion of lignification {unknown}
 q - a potion of resistance {unknown}
 s - a potion of curing {unknown}
 t - 2 potions of attraction {unknown}
 u - a potion of enlightenment {unknown}


   Skills:
 + Level 5.5 Fighting
 - Level 1.7 Dodging
 - Level 2.4 Stealth
 - Level 2.3 Spellcasting
 - Level 1.1 Transmutations
 - Level 3.8 Earth Magic


You had 7 spell levels left.
You knew the following spells:

 Your Spells              Type           Power      Damage    Failure   Level
a - Sandblast             Erth           24%        2d8       4%          1

Your spell library contained the following spells:

 Spells                   Type           Power      Damage    Failure   Level
 Passwall                 Tmut/Erth      6%         N/A       13%         2
 Stone Arrow              Conj/Erth      14%        3d7       30%         3
 Ensorcelled Hibernation  Hex/Ice        2%         N/A       34%         2
 Petrify                  Tmut/Erth      8%         N/A       63%         4
 Brom's Barrelling Bould  Conj/Erth      7%         2d3       71%         4
 Lee's Rapid Deconstruct  Erth           6%         3d6*      78%         5
 Swiftness                Air            Unusable   N/A       N/A         3
 Animate Armour           Summ/Erth      Unusable   N/A       N/A         4
 Summon Lightning Spire   Summ/Air       Unusable   N/A       N/A         4

Dungeon Overview and Level Annotations

Branches:
Dungeon (3/15) Zot: 15597

Altars:
Elyvilon
Okawaru
Uskayaw

Shops:
D:1 ?(!

Annotations:
D:3 Sigmund


Innate Abilities, Weirdness & Mutations

You cannot be hasted, slowed, berserked, paralysed or teleported.
You can dig through walls and to a lower floor.
You have a pair of large antennae on your head. (SInv)
Your four strong arms can wield two-handed weapons with a shield.


Message History

The orc priest invokes the aid of Beogh against you.
Beogh smites you!
An orc comes into view. It is wielding a +0 whip.
You are too injured to fight recklessly!
Unknown command.
Unknown command.
The orc moves out of view.
The orc priest invokes the aid of Beogh against you.
Beogh smites you!
* * * LOW HITPOINT WARNING * * *
The orc priest invokes the aid of Beogh against you.
Pain shoots through your body!
* * * LOW HITPOINT WARNING * * *
Unknown command.
Unknown command.
Unknown command.
You are too injured to fight recklessly!
Casting: Sandblast (safe; 4% risk of failure)
Confirm with . or Enter, or press ? or * to list all spells.
Aiming: Sandblast (safe; 4% risk of failure)
Press: ? - help, Shift-Dir - straight line, f/p - orc priest
Aim: an orc priest, wielding a +0 morningstar and wearing a +0 chain mail (87% to hit)
The blast of sand misses the orc priest.
The orc priest looks satisfied for a moment.
Casting: Sandblast (safe; 4% risk of failure)
Confirm with . or Enter, or press ? or * to list all spells.
Aiming: Sandblast (safe; 4% risk of failure)
Press: ? - help, Shift-Dir - straight line, f/p - orc priest
Aim: an orc priest, wielding a +0 morningstar and wearing a +0 chain mail (87% to hit)
The blast of sand hits the orc priest.
The orc priest is moderately wounded.
Casting: Sandblast (safe; 4% risk of failure)
Confirm with . or Enter, or press ? or * to list all spells.
Aiming: Sandblast (safe; 4% risk of failure)
Press: ? - help, Shift-Dir - straight line, f/p - orc priest
Aim: an orc priest, wielding a +0 morningstar and wearing a +0 chain mail (moderately wounded, 87% to hit)
The blast of sand misses the orc priest.
The orc priest calls down the wrath of Beogh upon you.
Beogh smites you!
You die...

.###.# #o# #... #..... .....# #.#
#... #†#### .##### #o# #... #.#
'## #.### #..# #.# ..## #.o.#
#..####.# ...## ###.#
#.......#### ....## ##.#.#
#.#.######.#
.....####....#########....####...
.....'........o.@............'...
.....####....#######......####...
....## #........# ##.##.## ##..
...## #.##..##.# #.#### ##. ..##
#.###.##.# #.# ## +## #.###.##.#
#.# # .# #........# #.#########
.# ##########.#### #.........#
.###........#.# #########.# #


You could see an orc priest.

Vanquished Creatures
  A kobold brigand (D:3)
  5 adders
  A worm (D:3)
  3 dart slugs
  An orc (D:2)
  4 endoplasms
  3 giant cockroaches
  7 goblins
  5 hobgoblins
  9 kobolds
  A quokka (D:2)
  7 ball pythons
  6 bats
  3 frilled lizards
  6 rats
62 creatures vanquished.

Notes
Turn   | Place    | Note
-------+----------+-------------------------------------------
     0 | D:1      | Daunt the Formicid Earth Elementalist began the quest for
                  | the Orb.
     0 | D:1      | Reached XP level 1. HP: 13/13 MP: 3/3
    87 | D:1      | Found Arutz's Magic Scroll Shoppe.
    92 | D:1      | Found Gioshrid's Weapon Shop.
   194 | D:1      | Reached skill level 1 in Fighting
   194 | D:1      | Reached XP level 2. HP: 21/21 MP: 3/5
   304 | D:1      | Found Waguxeip's Distillery.
   382 | D:1      | Reached skill level 2 in Fighting
   555 | D:1      | Found a faded altar of an unknown god.
   558 | D:1      | Prayed at the altar of an unknown god.
   558 | D:1      | Became a worshipper of Warmaster Okawaru
   558 | D:1      | Reached * piety under Okawaru
   627 | D:1      | Reached XP level 3. HP: 27/27 MP: 3/6
   949 | D:2      | Reached skill level 3 in Fighting
   991 | D:2      | Found a hide-covered altar of Uskayaw.
  1052 | D:2      | Reached XP level 4. HP: 35/35 MP: 5/7
  1348 | D:2      | Reached skill level 4 in Fighting
  1566 | D:3      | Noticed a kobold brigand
  1608 | D:3      | Noticed Sigmund
  1685 | D:3      | Killed a kobold brigand
  1686 | D:3      | Reached skill level 5 in Fighting
  1686 | D:3      | Reached XP level 5. HP: 40/44 MP: 2/8
  2006 | D:3      | Found a white marble altar of Elyvilon.
  2272 | D:3      | Found a hide-covered altar of Uskayaw.
  2356 | D:3      | Killed from afar by an orc priest

Illustrated notes

Levels and vault maps discovered:
D:1:      heliophobic_arrival_battle_scene, layout_basic, serial_shops, shop,
          nicolae_shop_bloodbath_and_beyond, shop,
          shapermc_ecumenical_altar_mp_vishouse
D:2:      layout_rooms, basic_altar
D:3:      layout_loops_corners, mainiacjoe_overflow_tiny_flanked,
          nicolae_elyvilon_temple_path, serial_shops, shop, uniq_sigmund

Skill      XL: |  1  2  3  4 |
---------------+-------------+-----
Fighting       | 1 2 3 5 |  5.5
Dodging        | |  1.7
Stealth        | |  2.4
Spellcasting   | |  2.3
Transmutations | |  1.1
Earth Magic    | |  3.8

Action                     |  1- 3 |  4- 6 || total
---------------------------+-------+-------++-------
  Melee: Club              |     1 |     7 ||     8
   Cast: Sandblast         |    34 |    53 ||    87
Ability: Dig               |       |     1 ||     1
    Use: Scroll            |       |     1 ||     1
 Armour: Robe              |     5 |     9 ||    14
  Dodge: Dodged            |     2 |    20 ||    22

Table legend: (Time is in decaauts)
 A = Elapsed time spent in this place.
 B = Non-inter-level travel time spent in this place.
 C = Inter-level travel time spent in this place.
 D = Time resting spent in this place.
 E = Time spent auto-exploring this place.
 F = Levels seen in this place.
 G = Mean time per level.
                   A        B        C        D        E       F      G
               +--------+--------+--------+--------+--------+-----+--------+
         Total |   2401 |   2189 |    212 |    298 |   1078 |   3 |  800.3 |
       Dungeon |   2401 |   2189 |    212 |    298 |   1078 |   3 |  800.3 |
               +--------+--------+--------+--------+--------+-----+--------+

Top non-repeatable levels by time:
     D:2: 869 daAuts
     D:1: 814 daAuts
     D:3: 717 daAuts
